 Dungeon Crawl Stone Soup version 0.31-a0-1522-g43313d8a59 (webtiles) character file.

Game seed: 6532414333750036705

17 whatisthis the Trooper (level 2, -2/26 HPs)
             Began as a Ghoul Monk on Dec 30, 2023.
             Killed from afar by a dart slug (4 damage)
             ... with a slug dart
             ... on level 2 of the Dungeon.
             The game lasted 00:02:36 (943 turns).

whatisthis the Trooper (Ghoul Monk)                  Turns: 943, Time: 00:02:36

Health: -2/26      AC:  2    Str: 14    XL:     2   Next: 62%
Magic:  2/2        EV: 12    Int:  9    God:
Gold:   42         SH:  0    Dex: 11    Spells: 1/1 levels left

rFire   + . .        a - +0 mace
rCold   + + .        d - orb {light}
rNeg    + + +        b - +0 robe
rPois   ∞            (no helmet)
rElec   +            (no cloak)
rCorr   +            (no gloves)
SInv    .            (no boots)
Will    .....        (no amulet)
Stlth   +            (no ring)
HPRegen 0.00/turn    (no ring)
MPRegen 0.08/turn

%: no passive effects
@: resistant, inhibited regen, glowing
A: claws 1, cold resistance 1, negative energy resistance 3, inhibited
regeneration, torment resistance 2, devour on kill
a: no special abilities


You were on level 2 of the Dungeon.
You visited 1 branch of the dungeon, and saw 2 of its levels.

You collected 42 gold pieces.

Inventory:

Hand Weapons
 a - a +0 mace (weapon)
Armour
 b - a +0 robe (worn)
 d - an orb of light (worn)
 i - a +0 chain mail
Potions
 c - a potion of ambrosia


   Skills:
 + Level 3.6 Fighting
 + Level 3.0 Maces & Flails
 + Level 3.0 Dodging


You had one spell level left.
You didn't know any spells.
Your spell library contained the following spells:

 Spells                   Type           Power      Damage    Failure   Level
 Stone Arrow              Conj/Erth      0%         3d7       77%         3
 Animate Armour           Summ/Erth      0%         N/A       99%         4
 Lehudib's Crystal Spear  Conj/Erth      0%         10d2      100%        8


Dungeon Overview and Level Annotations

Branches:
Dungeon (2/15)

Altars:


Innate Abilities, Weirdness & Mutations

You are immune to poison.
You have sharp fingernails.
Your flesh is cold resistant. (rC+)
You are immune to negative energy. (rN+++)
You do not regenerate when monsters are visible.
You are immune to unholy pain and torment.
You thrive by killing the living.


Message History

The endoplasm barely misses you.
The endoplasm attacks as it pursues you!
The endoplasm misses you.
You see here a +0 club.
The endoplasm attacks as it pursues you!
The endoplasm barely misses you.
The endoplasm attacks as it pursues you!
The endoplasm hits you but does no damage.
The endoplasm attacks as it pursues you!
The endoplasm hits you.
* * * LOW HITPOINT WARNING * * *
You flicker for a moment.
The adder attacks as it pursues you! The adder barely misses you.
The endoplasm attacks as it pursues you!
The endoplasm misses you.
A hobgoblin comes into view.
The hobgoblin shouts!
You hear a shout!
The adder barely misses you.
It was a potion of lignification.
You feel woody for a moment. The adder misses you.
You flicker back into view.
The hobgoblin hits you but does no damage.
The hobgoblin misses you.
It was a potion of resistance.
You feel protected. The endoplasm closely misses you.
As you read the scroll labelled NEUTACRERO, it crumbles to dust.
It is a scroll of identify.
You don't currently have any unidentified items.
The endoplasm hits you but does no damage.
A kobold comes into view. It is wielding a +0 club.
The endoplasm attacks as it pursues you!
The endoplasm barely misses you.
Found 4 stones.
The endoplasm attacks as it pursues you!
The endoplasm closely misses you.
A dart slug comes into view.
The dart slug launches a dart at you. The slug dart hits you.
You die...

#. ###.### #####
..... ....# #
#..#. .#.#
#.##..w# #..#
##....K.# #..###
.(......## ##....#
#..J###...#.######
#@##S.g###........
#.###### #........
#+# #........
#........
#........
#........
####........
+...........
####........


You could see a dart slug, an endoplasm and a kobold.

Vanquished Creatures
  A ribbon worm (D:2)
  A bat (D:1)
  3 endoplasms (D:1)
  2 goblins
  2 hobgoblins (D:1)
  A kobold (D:1)
  A quokka (D:1)
  A ball python (D:1)
  A frilled lizard (D:1)
13 creatures vanquished.

Notes
Turn   | Place    | Note
-------+----------+-------------------------------------------
     0 | D:1      | whatisthis the Ghoul Monk began the quest for the Orb.
     0 | D:1      | Reached XP level 1. HP: 19/19 MP: 1/1
   323 | D:1      | Reached XP level 2. HP: 26/26 MP: 2/2
   734 | D:1      | Found a faded altar of an unknown god.
   943 | D:2      | Killed from afar by a dart slug

Illustrated notes

Levels and vault maps discovered:
D:1:      dpeg_arrival_renting, layout_loops_corners,
          dreamdust_ecumenical_altar_hidden_monk_grotto
D:2:      layout_loops_corners

Skill      XL: |  1  2 |
---------------+-------+-----
Maces & Flails | 3 |  3.0
Dodging        | 3 |  3.0
Fighting       | |  3.6

Action                     || total
---------------------------++-------
  Melee: Mace              ||    26
    Use: Potion            ||     3
         Scroll            ||     1
 Armour: Robe              ||    20
  Dodge: Dodged            ||    24

Table legend: (Time is in decaauts)
 A = Elapsed time spent in this place.
 B = Non-inter-level travel time spent in this place.
 C = Inter-level travel time spent in this place.
 D = Time resting spent in this place.
 E = Time spent auto-exploring this place.
 F = Levels seen in this place.
 G = Mean time per level.
                   A        B        C        D        E       F      G
               +--------+--------+--------+--------+--------+-----+--------+
         Total |    949 |    943 |      6 |      9 |    754 |   2 |  474.5 |
       Dungeon |    949 |    943 |      6 |      9 |    754 |   2 |  474.5 |
               +--------+--------+--------+--------+--------+-----+--------+

Top non-repeatable levels by time:
     D:1: 851 daAuts
     D:2: 97 daAuts
